 Dungeon Crawl Stone Soup version 0.20-a0-809-gaf7f668 (webtiles) character file.

767 Amciq the Chopper (level 7, -3/62 HPs)
             Began as a Hill Orc Fighter on Mar 3, 2017.
             Incinerated by Vi's ghost (7 damage)
             ... with a sticky flame
             ... on level 4 of the Dungeon.
             The game lasted 00:10:20 (3901 turns).

Amciq the Chopper (Hill Orc Fighter)                Turns: 3901, Time: 00:10:21

Health: -3/62      AC:  8    Str: 25    XL:     7   Next: 82%
Magic:  7/7        EV: 14    Int:  8    God:
Gold:   130        SH:  0    Dex: 11    Spells: 6/6 levels left

rFire    . . .     SeeInvis .   a - +0 war axe
rCold    . . .     Gourm    .   b - +0 scale mail
rNeg     . . .     Faith    .   c - +0 shield
rPois    .         Spirit   .   q - +1 hat
rElec    .         Reflect  .   (no cloak)
rCorr    .         Harm     .   (no gloves)
MR       .....                  (no boots)
Stlth    ..........             (no amulet)
Regen    0.2/turn               (no ring)
MPRegen  0.1/turn               n - +5 ring of evasion

@: confused, mighty, lethally poisoned (-3 -> -11), liquid flames, glowing
A: no striking features
a: no special abilities


You were on level 4 of the Dungeon.
You were not hungry.

You visited 1 branch of the dungeon, and saw 4 of its levels.

You collected 130 gold pieces.

Inventory:

Hand Weapons
 a - a +0 war axe (weapon)
Missiles
 e - 65 stones (quivered)
Armour
 b - a +0 scale mail (worn)
 c - a +0 shield (worn)
 q - a +1 hat (worn)
Jewellery
 n - a +5 ring of evasion (left hand)
Wands
 u - a wand of clouds (2/9)
Scrolls
 h - 3 scrolls of teleportation {unknown}
 i - 4 scrolls of identify {unknown}
 j - a scroll of magic mapping {unknown}
 k - 3 scrolls of fear {unknown}
 l - a scroll of enchant armour {unknown}
 o - a scroll of noise {unknown}
 p - a scroll of recharging {unknown}
 r - 3 scrolls of remove curse {unknown}
Potions
 d - a potion of might
 m - a potion of ambrosia
 t - a potion of heal wounds {unknown}
Comestibles
 f - 5 bread rations
 g - 2 meat rations
 s - a chunk of flesh


   Skills:
 * Level 5.7 Fighting
 * Level 5.7 Axes
 + Level 2.1 Throwing
 * Level 5.0 Armour
 + Level 1.9 Dodging
 * Level 5.3 Shields


You had 6 spell levels left.
You didn't know any spells.

Dungeon Overview and Level Annotations

Branches:
Dungeon (4/15)
 Temple: D:4-7

Altars:
Okawaru

Shops:
D:4 [


Message History

You are covered in liquid flames!
* * * LOW HITPOINT WARNING * * *
You feel sick. Vi's ghost hits you but does no damage.
You are more poisoned.
You slash Vi's ghost!
You destroy Vi's ghost!
Your Throwing skill increases to level 2!
Your Armour skill increases to level 5!
You are covered in liquid flames!
* * * LOW HITPOINT WARNING * * *
You feel sick.
You are on fire!
You are covered in liquid flames!
* * * LOW HITPOINT WARNING * * *
x2 You feel sick.
It was a potion of ambrosia.
You are confused.
You feel invigorated.
You are covered in liquid flames!
You die...

..(. .... )(#
#(## ..
...####.(###.!..
...'............
...#####.###...
#.## #@.# ##.##
#..# ##.## #∩.#
#..# ##.## #####
#..# ....# ##.##


There were no monsters in sight!

Vanquished Creatures
  Grinder (D:3)
  The ghost of Vi the Magician, an amateur DEFE (D:4)
  Purgy (D:3)
  An ogre (D:3)
  A howler monkey (D:4)
  A hound (D:4)
  An orc wizard (D:4)
  A worker ant (D:4)
  An adder (D:3)
  An ooze (D:3)
  3 worms (D:2)
  A dart slug (D:2)
  3 leopard geckos
  8 orcs (D:4)
  5 giant cockroaches
  7 goblins
  5 hobgoblins
  6 jackals (D:2)
  3 quokkas
  A ball python (D:2)
  8 bats
  6 frilled lizards
  A jackal skeleton (D:4)
  9 kobolds
  7 rats
83 creatures vanquished.

Vanquished Creatures (others)
  An ooze (D:1)
1 creature vanquished.

Grand Total: 84 creatures vanquished

Notes
Turn   | Place    | Note
-------+----------+-------------------------------------------
     0 | D:1      | Amciq the Hill Orc Fighter began the quest for the Orb.
     0 | D:1      | Reached XP level 1. HP: 19/19 MP: 1/1
   290 | D:1      | Reached XP level 2. HP: 25/26 MP: 2/2
  1035 | D:2      | Reached skill level 1 in Throwing
  1035 | D:2      | Reached XP level 3. HP: 33/33 MP: 3/3
  1971 | D:2      | Reached XP level 4. HP: 40/40 MP: 4/4
  2359 | D:3      | Found an iron altar of Okawaru.
  2398 | D:3      | Noticed Purgy
  2420 | D:3      | Killed Purgy
  2420 | D:3      | Reached skill level 1 in Dodging
  2420 | D:3      | Reached XP level 5. HP: 16/47 MP: 5/5
  2727 | D:3      | Noticed Grinder
  2751 | D:3      | Paralysed by Grinder for 3 turns
  2757 | D:3      | Killed Grinder
  2757 | D:3      | Reached skill level 5 in Fighting
  2757 | D:3      | Reached XP level 6. HP: 26/56 MP: 6/6
  3333 | D:3      | Reached XP level 7. HP: 37/61 MP: 7/7
  3511 | D:4      | Reached skill level 5 in Axes
  3518 | D:4      | Reached skill level 5 in Shields
  3870 | D:4      | Found Mebitz's Antique Armour Emporium.
  3885 | D:4      | Noticed Vi's ghost (amateur DEFE)
  3899 | D:4      | Killed Vi's ghost
  3899 | D:4      | Reached skill level 5 in Armour
  3901 | D:4      | Incinerated by Vi's ghost

Vault maps used:
D:1:      lightli_arrival_chessboard, lemuel_flame_loot_1
D:2:      minmay_split_cup_small
D:3:      okawaru_ov_weapons_minmay, uniq_purgy, uniq_grinder
D:4:      chequers_temple_overflow_statue_of_worship, serial_shops, shop, shop,
          first_bread

Skill      XL: |  1  2  3  4  5  6  7 |
---------------+----------------------+-----
Axes           | 3 4 5 |  5.7
Throwing       | 1 2 |  2.1
Fighting       | 4 5 |  5.7
Shields        | 4 5 |  5.3
Dodging        | 1 |  1.9
Armour         | 4 5 |  5.0

Action                   |  1- 3 |  4- 6 |  7- 9 || total
-------------------------+-------+-------+-------++-------
Melee: War axe           |   151 |    86 |    68 ||   305
Throw: Stone             |    75 |    42 |    34 ||   151
  Use: Potion            |       |     1 |     2 ||     3
  Eat: Chunk             |     4 |     2 |       ||     6
       Bread ration      |       |     1 |       ||     1
Armor: Scale mail        |    53 |    36 |    17 ||   106
Dodge: Dodged            |    63 |    47 |    26 ||   136
Block: Shield            |    78 |    54 |    27 ||   159
